 Dungeon Crawl Stone Soup version 0.25-a0-1078-gea6e5d949a (webtiles) character file.

Game seed: 9969318822267675766, levelgen mode: deterministic

830 Maedhros the Covert (level 7, -5/43 HPs)
             Began as an Octopode Artificer on May 15, 2020.
             Slain by an ogre
             ... wielding a +0 giant club
              (20 damage)
             ... on level 5 of the Dungeon.
             The game lasted 00:08:09 (1163 turns).

Maedhros the Covert (Octopode Artificer)            Turns: 1163, Time: 00:08:10

Health: -5/43      AC:  1    Str: 11    XL:     7   Next: 97%
Magic:  9/9        EV: 13    Int: 13    God:
Gold:   127        SH:  0    Dex: 15    Spells: 6/6 levels left

rFire    . . .     SeeInvis .   a - +0 short sword
rCold    . . .     Gourm    .   (no shield)
rNeg     . . .     Faith    .   (helmet restricted)
rPois    .         Spirit   .   (no amulet)
rElec    .         Reflect  .   (no ring)
rCorr    .         Harm     .   (no ring)
MR       .....                  (no ring)
Stlth    ++++++....             (no ring)
HPRegen  0.14/turn              (no ring)
MPRegen  0.11/turn              (no ring)
                                (no ring)
                                (no ring)

@: no status effects
A: almost no armour, stealthy swim, amphibious, 8 rings, constrict 8, camouflage
1, gelatinous body 1
a: no special abilities


You were on level 5 of the Dungeon.
You were hungry.

You visited 2 branches of the dungeon, and saw 7 of its levels.

You collected 127 gold pieces.

Inventory:

Hand Weapons
 a - a +0 short sword (weapon)
Wands
 c - a wand of enslavement (4)
Scrolls
 b - a scroll of teleportation {unknown}
 e - a scroll of magic mapping {unknown}
 g - 2 scrolls of amnesia {unknown}
 h - 3 scrolls of remove curse {unknown}
 i - 2 scrolls of identify {unknown}
 j - a scroll of noise {unknown}
 l - a scroll of blinking {unknown}
Potions
 k - a potion of curing {unknown}
Comestibles
 f - 2 rations


   Skills:
 - Level 1.0 Fighting
 - Level 1.0 Short Blades
 - Level 2.0 Dodging
 + Level 12.0 Stealth
 - Level 3.2 Evocations


You had 6 spell levels left.
You didn't know any spells.
Your spell library was empty.

Dungeon Overview and Level Annotations

Branches:
Dungeon (6/15)             Temple (1/1) D:4

Altars:
Dithmenos
Fedhas
Kikubaaqudgha
Makhleb
Okawaru
Qazlal
Ru
Trog
Vehumet
Yredelemnul
Zin
Lugonu


Innate Abilities, Weirdness & Mutations

You cannot wear most types of armour.
You are very stealthy in the water. (Stealth+)
You are amphibious.
You can wear up to eight rings at the same time.
You can use your tentacles to constrict eight enemies at once.
Your skin changes colour to match your surroundings (Stealth+).
Your rubbery body absorbs attacks. (AC +1, EV +1)


Message History

You swap places.
Unknown command.
Unknown command.
Unknown command.
Unknown command.
Unknown command.
Unknown command.
Unknown command.
Unknown command.
Unknown command.
Unknown command.
Unknown command.
Unknown command.
Unknown command.
Unknown command.
Really attack your ogre?
You hit your ogre.
The ogre is no longer charmed.
Your squeeze misses the ogre.
The ogre is almost dead.
The ogre hits you with a +0 giant club!!
You die...

#.# ...#.#.......#####. #.#
#. ........#.##........ #.#
#.##...#......5.#####.. #.#
##........######## #.. #.#
..........# #.. #.#
..........### #.. #.#
............## #5. #.#
...........†.##### #..
#.#######.......@O........#
#<.
..........#...........###.#
#.. ..##...........#####.##
#.# #.. .....####.####. #.#
##.#####.. ..#### . ..#
#......... ..## ## ####
#......... ...# ####.#####
.#.# #.# .#.# #.#


You could see an ogre (poisoned).

Vanquished Creatures
  Pikel (D:5)
  3 ogres
  A scorpion (D:5)
  A bullfrog zombie (D:5)
  A crimson imp (D:5)
  2 orc priests (D:5)
  A bullfrog skeleton (D:5)
  An orc wizard (D:5)
  3 worker ants
  A gnoll (D:1)
  2 orcs
  5 bats
  A hobgoblin (D:1)
  2 kobolds
  5 frilled lizards
  A goblin (D:1)
  A rat (D:2)
32 creatures vanquished.

Vanquished Creatures (collateral kills)
  An ogre (D:4)
  A hound (D:4)
  A worker ant (D:4)
  An iguana (D:4)
  2 adders (D:5)
6 creatures vanquished.

Vanquished Creatures (others)
  A jelly (D:5)
  An adder (D:5)
  A quokka (D:4)
3 creatures vanquished.

Grand Total: 41 creatures vanquished

Notes
Turn   | Place    | Note
-------+----------+-------------------------------------------
     0 | D:1      | Maedhros the Octopode Artificer began the quest for the
                  | Orb.
     0 | D:1      | Reached XP level 1. HP: 13/13 MP: 3/3
    29 | D:1      | Reached skill level 2 in Stealth
   145 | D:1      | Reached XP level 2. HP: 15/18 MP: 4/4
   159 | D:1      | Reached skill level 3 in Stealth
   331 | D:2      | Reached skill level 4 in Stealth
   399 | D:2      | Found a sacrificial altar of Ru.
   441 | D:4      | Reached skill level 5 in Stealth
   441 | D:4      | Reached XP level 3. HP: 13/23 MP: 5/5
   490 | D:4      | Found a blossoming altar of Fedhas.
   504 | D:4      | Noticed an ogre
   529 | D:4      | Reached XP level 4. HP: 10/28 MP: 6/6
   560 | D:4      | Found a staircase to the Ecumenical Temple.
   573 | D:4      | Noticed an ogre
   581 | D:4      | Killed an ogre
   581 | D:4      | Reached skill level 6 in Stealth
   586 | Temple   | Entered the Ecumenical Temple
   686 | D:4      | Killed an ogre
   686 | D:4      | Reached skill level 7 in Stealth
   686 | D:4      | Reached XP level 5. HP: 29/33 MP: 7/7
   693 | D:4      | Noticed an ogre
   756 | D:4      | Killed an ogre
   756 | D:4      | Reached skill level 8 in Stealth
   756 | D:4      | Reached XP level 6. HP: 38/38 MP: 8/8
   770 | D:5      | Entered Level 5 of the Dungeon
   779 | D:5      | Reached skill level 9 in Stealth
   876 | D:5      | Reached skill level 10 in Stealth
   876 | D:5      | Reached XP level 7. HP: 14/43 MP: 9/9
   925 | D:6      | Found an ancient bone altar of Kikubaaqudgha.
  1025 | D:5      | Noticed Pikel
  1053 | D:5      | Killed Pikel
  1053 | D:5      | Reached skill level 11 in Stealth
  1149 | D:5      | Reached skill level 12 in Stealth
  1163 | D:5      | Slain by an ogre

Illustrated notes

Levels and vault maps discovered:
D:1:      tarquinn_simple_flora_water_e, layout_basic
D:2:      minmay_door_path, layout_basic, grunt_gozag_statues, tso_oasis_becter,
          nicolae_ru_path_of_blood
D:3:      layout_loops_ring, uniq_crazy_yiuf_cottage, uniq_sigmund
D:4:      layout_basic, old_standard_altar, temple_fountains, serial_shops, shop
D:5:      layout_loops_ring, marbit_many_paths, kennysheep_mini_moat,
          first_ration, uniq_pikel, uniq_menkaure
D:6:      layout_basic, overflow_temple_1_default
Temple:   kb_corrupted_temple

Skill      XL: |  1  2  3  4  5  6  7 |
---------------+----------------------+-----
Stealth        | 2 5 7 8 10 12 | 12.0
Fighting       | |  1.0
Short Blades   | |  1.0
Dodging        | |  2.0
Evocations     | |  3.2

Action                   |  1- 3 |  4- 6 |  7- 9 || total
-------------------------+-------+-------+-------++-------
Melee: Short sword       |    37 |     8 |    21 ||    66
       Constrict         |     7 |     1 |     4 ||    12
       Tentacles         |     2 |     2 |     9 ||    13
Evoke: Wand              |     5 |    27 |     9 ||    41
 Stab: Sleeping          |     4 |       |     1 ||     5
       Confused          |       |     2 |       ||     2
       Paralysed         |       |     1 |     1 ||     2
Armor: Skin              |     5 |       |       ||     5
Dodge: Dodged            |    22 |     3 |    13 ||    38

Table legend:
 A = Non-vault XP
 B = Vault XP
 C = Vault XP percentage of total XP
 D = Non-vault monster count
 E = Vault monster count
 F = Vault count percentage of total count
                 A         B        C        D         E       F
            +---------+---------+-------+---------+---------+-------
      Total |     893 |     293 |  24.7 |      37 |       1 |   2.6
            +---------+---------+-------+---------+---------+-------
        D:1 |      28 |       0 |   0.0 |      11 |       0 |   0.0
        D:2 |       4 |       0 |   0.0 |       4 |       0 |   0.0
        D:4 |     350 |       0 |   0.0 |       7 |       0 |   0.0
        D:5 |     440 |     293 |  40.0 |      12 |       1 |   7.7
        D:6 |      71 |       0 |   0.0 |       3 |       0 |   0.0
            +---------+---------+-------+---------+---------+-------
